 Dungeon Crawl Stone Soup version 0.28.0-53-g5a82cb258f (webtiles) character file.

Game seed: 6862775612959693450

2 gobodom the Magician (level 1, 0/13 HPs)
             Began as a Demonspawn Hedge Wizard on June 17, 2022.
             Slain by a hobgoblin (3 damage)
             ... on level 1 of the Dungeon.
             The game lasted 00:01:44 (121 turns).

gobodom the Magician (Demonspawn Hedge Wizard)       Turns: 121, Time: 00:01:44

Health: 0/13       AC:  2    Str: 10    XL:     1   Next: 33%
Magic:  2/4        EV: 12    Int: 15    God:
Gold:   0          SH:  0    Dex: 12    Spells: 5/6 levels left

rFire   . . .      SeeInvis .   a - +0 dagger
rCold   . . .      Faith    .   (no shield)
rNeg    . . .      Spirit   .   b - +0 robe
rPois   .          Reflect  .   c - +0 hat
rElec   .          Harm     .   (no cloak)
rCorr   .          Rampage  .   (no gloves)
Will    .....                   (no boots)
Stlth   ++........              (no amulet)
HPRegen 0.04/turn               (no ring)
MPRegen 0.09/turn               (no ring)

@: no status effects
A: no striking features
a: no special abilities


You were on level 1 of the Dungeon.
You visited 1 branch of the dungeon, and saw 1 of its levels.

Inventory:

Hand Weapons
 a - a +0 dagger (weapon)
Armour
 b - a +0 robe (worn)
 c - a +0 hat (worn)
Scrolls
 d - a scroll of silence {unknown}
 e - a scroll of amnesia {unknown}


   Skills:
 + Level 1.7 Dodging
 + Level 1.7 Stealth
 + Level 3.1 Spellcasting
 + Level 1.0 Conjurations
 + Level 1.0 Summonings
 + Level 0.8 Translocations


You had 5 spell levels left.
You knew the following spells:

 Your Spells              Type           Power      Damage    Failure   Level
a - Magic Dart            Conj           20%        1d4       13%         1

Your spell library contained the following spells:

 Spells                   Type           Power      Damage    Failure   Level
 Slow                     Hex            8%         N/A       21%         1
 Call Imp                 Summ           5%         N/A       21%         2
 Blink                    Tloc           8%         N/A       22%         2
 Conjure Flame            Conj/Fire      3%         6-21      43%         3
 Mephitic Cloud           Conj/Pois/Air  3%         N/A       45%         3


Dungeon Overview and Level Annotations

Branches:
Dungeon (1/15)

Altars:


Message History

The bat hits you.
You closely miss the bat. The bat hits you but does no damage.
The bat barely misses you. The bat closely misses you.
The bat barely misses you.
The hobgoblin hits the withered plant.
The withered plant begins to crumble.
You closely miss the bat. The bat hits you.
The bat hits the demonic plant.
The demonic plant begins to die.
The hobgoblin hits the withered plant.
The bat closely misses you. The bat completely misses you.
The bat hits you but does no damage. The bat misses you.
You hit the bat but do no damage.
The withered plant crumbles away.
The bat misses you. The bat hits you but does no damage.
You closely miss the bat. The bat hits you but does no damage.
A nearby demonic plant withers and dies.
The bat hits you but does no damage. x2
You miss the bat. The bat hits you.
Casting: Magic Dart (safe; 13% risk of failure)
Confirm with . or Enter, or press ? or * to list all spells.
Aiming: Magic Dart (safe; 13% risk of failure)
Press: ? - help, Shift-Dir - straight line, f/p - bat
Aim: a bat (100% to hit)
The magic dart hits the bat.
You kill the bat!
Casting: Magic Dart (safe; 13% risk of failure)
Confirm with . or Enter, or press ? or * to list all spells.
Aiming: Magic Dart (safe; 13% risk of failure)
Press: ? - help, Shift-Dir - straight line, f - hobgoblin
Aim: a hobgoblin (100% to hit)
The magic dart hits the hobgoblin.
The hobgoblin is heavily wounded.
You barely miss the hobgoblin.
The hobgoblin is heavily wounded.
The hobgoblin hits you.
You hit the hobgoblin.
The hobgoblin is severely wounded.
The hobgoblin hits you.
* * * LOW HITPOINT WARNING * * *
You barely miss the hobgoblin.
The hobgoblin is severely wounded.
The hobgoblin hits you.
You die...

#..⌠..)..# #.#####....
#.....#### #.#.......
####'## #.#.....###
###...# #.#........
.##...######.........#
.''.>.##..........#####
.##...#######..###PP..#
###...#########.PP.PP.#
#...##.....##.@..PPP#
##..)..####.P.g.....#
####### #PPS..P..P_P..
#.........#P..
#.##..PP..P# .. ...
#.PP....# #...
.###.P..# #..... .#####
..... #


You could see a hobgoblin and a ball python.

Vanquished Creatures
  2 kobolds (D:1)
  A bat (D:1)
3 creatures vanquished.

Vanquished Creatures (others)
  3 demonic plants (D:1)
  2 withered plants (D:1)
5 creatures vanquished.

Grand Total: 8 creatures vanquished

Notes
Turn   | Place    | Note
-------+----------+-------------------------------------------
     0 | D:1      | gobodom the Demonspawn Hedge Wizard began the quest for the
                  | Orb.
     0 | D:1      | Reached XP level 1. HP: 13/13 MP: 4/4
   101 | D:1      | Found a faded altar of an unknown god.
   121 | D:1      | Slain by a hobgoblin

Illustrated notes

Levels and vault maps discovered:
D:1:      dpeg_arrival_simpleton_b, layout_loops_ring,
          shapermc_ecumenical_altar_gd, serial_forest,
          infiniplex_forest_lined_room_, infiniplex_forest_clump_small,
          infiniplex_forest_end_3, infiniplex_forest_clump_diagonal,
          infiniplex_forest_clump_cross, infiniplex_forest_clump_small,
          infiniplex_forest_lined_2

Action                   || total
-------------------------++-------
Melee: Dagger            ||    18
 Cast: Magic Dart        ||     6
Armor: Robe              ||     7
Dodge: Dodged            ||    14
